 Dungeon Crawl Stone Soup version 0.29.1-2-gbd0b4ee654 (webtiles) character file.

Game seed: 5137847771868800253

809 GeoRichter the Sneak (level 7, -7/36 HPs)
             Began as a Vine Stalker Brigand on Nov 14, 2022.
             Mangled by Duvessa
             ... wielding a +0 short sword
              (14 damage)
             ... on level 5 of the Dungeon.
             The game lasted 00:10:23 (4169 turns).

GeoRichter the Sneak (Vine Stalker Brigand)         Turns: 4169, Time: 00:10:23

Health: -7/36      AC:  4    Str: 13    XL:     7   Next: 92%
Magic:  0/8        EV: 11    Int: 11    God:
Gold:   158        SH:  0    Dex: 24    Spells: 6/6 levels left

rFire   . . .      SeeInvis .   a - +2 dagger
rCold   . . .      Faith    .   (no shield)
rNeg    . . .      Spirit   +   B - +0 leather armour
rPois   +          Reflect  .   (no helmet)
rElec   .          Harm     .   c - +0 cloak
rCorr   .          Rampage  .   (no gloves)
Will    .....                   (no boots)
Stlth   ++++......              t - amulet of magic regeneration
HPRegen 0.92/turn               h - ring of poison resistance
MPRegen 0.51/turn               o - +6 ring of dexterity

@: hasted, very quick
A: fangs 2, regeneration 1, magic shield, antimagic bite, no potion heal 2
a: no special abilities


You were on level 5 of the Dungeon.
You visited 1 branch of the dungeon, and saw 5 of its levels.

You collected 199 gold pieces.
You spent 41 gold pieces at shops.

Inventory:

Hand Weapons
 a - a +2 dagger (weapon)
 r - a +2 dagger of holy wrath
   (You took it off a goblin on level 3 of the Dungeon)
Missiles
 d - 5 poisoned darts (quivered)
 e - 5 curare-tipped darts {!f}
Armour
 c - a +0 cloak (worn)
 B - a +0 leather armour (worn)
   (You took it off an orc on level 4 of the Dungeon)
Jewellery
 h - a ring of poison resistance (left hand)
   (You found it on level 1 of the Dungeon)
 o - a +6 ring of dexterity (right hand)
   (You found it on level 2 of the Dungeon)
 s - a ring of see invisible
   (You found it on level 3 of the Dungeon)
 t - an amulet of magic regeneration (around neck)
   (You found it on level 3 of the Dungeon)
 y - a ring of ice
   (You found it on level 4 of the Dungeon)
Wands
 v - a wand of iceblast (8)
   (You took it off Ijyb on level 3 of the Dungeon)
 A - a wand of polymorph (7)
   (You found it on level 4 of the Dungeon)
Scrolls
 b - a scroll of amnesia {unknown}
 f - a scroll of vulnerability {!r}
 j - 3 scrolls of teleportation {@r4}
 k - 2 scrolls of noise {!r}
 l - a scroll of magic mapping
 n - a scroll of butterflies
 w - a scroll of fear {unknown}
 x - a scroll of enchant weapon {unknown}
Potions
 g - 4 potions of curing {@q1}
 m - a potion of brilliance {unknown}
 p - a potion of magic
 q - a potion of ambrosia
Miscellaneous
 u - a lightning rod (2/4) {!a}
   (You found it on level 3 of the Dungeon)


   Skills:
 + Level 3.2 Fighting
 * Level 6.6 Short Blades
 - Level 1.7 Throwing
 - Level 0.7 Dodging
 - Level 7.0 Stealth


You had 6 spell levels left.
You didn't know any spells.
Your spell library contained the following spells:

 Spells                   Type           Power      Damage    Failure   Level
 Slow                     Hex            0%         N/A       41%         1
 Blink                    Tloc           0%         N/A       56%         2
 Confusing Touch          Hex            0%         N/A       80%         3
 Lesser Beckoning         Tloc           0%         N/A       80%         3
 Vampiric Draining        Necr           0%         2d6       80%         3
 Manifold Assault         Tloc           0%         N/A       100%        5


Dungeon Overview and Level Annotations

Branches:
Dungeon (5/15) Zot: 25889
 Temple: D:4-7

Altars:
Gozag
Okawaru

Shops:
D:3 **(   D:5 ?

Annotations:
D:2 Sigmund
D:5 Duvessa


Innate Abilities, Weirdness & Mutations

You have extremely sharp teeth.
Your natural rate of healing is unusually fast.
When hurt, damage is shared between your health and your magic reserves.
Your bite disrupts and absorbs the magic of your enemies.
Potions cannot restore your health.


Message History

You throw a poisoned dart.
The poisoned dart completely misses Duvessa.
You throw a poisoned dart. The poisoned dart hits Dowan.
You throw a poisoned dart. The poisoned dart hits Dowan.
Dowan looks even sicker.
You throw a poisoned dart. The poisoned dart hits Dowan.
Dowan looks even sicker.
Dowan says, "Magic and the sword, together, will defeat you."
Dowan points at you and mumbles some strange words.
You easily resist.
You throw a poisoned dart. The poisoned dart hits Dowan.
Dowan looks as sick as possible!
You throw a poisoned dart. The poisoned dart hits Duvessa.
Duvessa is poisoned.
Duvessa says, "My weaknesses are his strengths!"
You throw a poisoned dart.
The poisoned dart closely misses Duvessa.
You throw a poisoned dart. The poisoned dart hits Duvessa.
Duvessa looks even sicker.
Duvessa screams in rage.
Duvessa goes berserk!
You feel a bit more experienced.
Sorry, you're not good enough to have a special ability.
Okay, then.
You barely miss Duvessa. Your bite misses Duvessa.
Duvessa hits you with a +0 short sword!
You feel yourself speed up. Duvessa hits you with a +0 short sword.
You hit Duvessa but do no damage. Duvessa barely misses you.
You hit Duvessa but do no damage. Your bite misses Duvessa.
You completely miss Duvessa. Your bite misses Duvessa.
Duvessa hits you with a +0 short sword.
You hit Duvessa but do no damage. Duvessa completely misses you.
You hit Duvessa. Duvessa hits you with a +0 short sword.
You barely miss Duvessa. You hit Duvessa. You bite Duvessa.
You drain her power.
You feel invigorated. Duvessa hits you with a +0 short sword!
* * * LOW HITPOINT WARNING * * *
You hit Duvessa. Duvessa hits you with a +0 short sword!
* * * LOW HITPOINT WARNING * * *
Duvessa looks more healthy.
Duvessa attacks as you move away! Duvessa hits you with a +0 short sword!
* * * LOW HITPOINT WARNING * * *
Unknown command.
There is a stone staircase leading down here.
Duvessa attacks as you move away! Duvessa closely misses you.
You open the door. Duvessa hits you with a +0 short sword.
* * * LOW HITPOINT WARNING * * *
Found an opulent altar of Gozag.
Duvessa attacks as you move away! Duvessa hits you with a +0 short sword.
* * * LOW HITPOINT WARNING * * *
Duvessa attacks as you move away! Duvessa hits you with a +0 short sword!
You die...

### #.. #.# #.# #.# #
# ####.####.# #.#.
##.## ##.......#.#
#...
.....##......>.#.# ##.
#...e.....[.#.## ##
#..@#'#........#####
#...#_#.....#.......
......###.....#.######
#..##............# #.
#.......#.#### #
#######.#.#
#...>########
#............
#....########


You could see Duvessa (berserk).

Vanquished Creatures
  A hornet (D:5)
  An ogre (D:5)
  A scorpion (D:5)
  Dowan (D:5)
  2 hounds (D:5)
  3 jellies
  Jessica (D:3)
  Ijyb (D:3)
  An iguana (D:2)
  2 orc wizards
  Robin (D:2)
  3 adders
  3 gnolls
  A shadow imp (D:5)
  3 worms
  A dart slug (D:1)
  6 orcs
  5 endoplasms
  3 giant cockroaches
  12 goblins
  8 hobgoblins
  3 quokkas
  3 ball pythons
  3 frilled lizards
  6 kobolds
  4 rats
79 creatures vanquished.

Notes
Turn   | Place    | Note
-------+----------+-------------------------------------------
     0 | D:1      | GeoRichter the Vine Stalker Brigand began the quest for the
                  | Orb.
     0 | D:1      | Reached XP level 1. HP: 11/11 MP: 2/2
   276 | D:1      | Reached skill level 5 in Stealth
   371 | D:1      | Reached XP level 2. HP: 15/15 MP: 3/3
   382 | D:1      | Found a faded altar of an unknown god.
   769 | D:2      | Reached XP level 3. HP: 18/18 MP: 4/4
   841 | D:2      | Noticed Robin
  1290 | D:2      | Killed Robin
  1291 | D:2      | Gained mutation: Your natural rate of healing is unusually
                  | fast. [Vine Stalker growth]
  1291 | D:2      | Reached XP level 4. HP: 22/23 MP: 3/5
  1809 | D:2      | Noticed a gnoll sergeant
  2104 | D:2      | Noticed Sigmund
  2395 | D:3      | Found Iniymaz's General Store.
  2432 | D:3      | Found Maodeusk's General Store.
  2455 | D:3      | Bought 2 curare-tipped darts for 15 gold pieces
  2455 | D:3      | Bought a scroll of identify for 26 gold pieces
  2540 | D:3      | Found Riamyn's Antique Weapon Boutique.
  2557 | D:3      | Reached XP level 5. HP: 26/26 MP: 6/6
  2591 | D:3      | Reached skill level 6 in Stealth
  2819 | D:3      | Noticed Ijyb
  2826 | D:3      | Killed Ijyb
  2861 | D:3      | Noticed Jessica
  2870 | D:3      | Killed Jessica
  2908 | D:3      | Found an iron altar of Okawaru.
  3407 | D:4      | Reached XP level 6. HP: 28/30 MP: 7/7
  3714 | D:5      | Entered Level 5 of the Dungeon
  3714 | D:5      | Noticed a hornet
  3787 | D:5      | Reached skill level 5 in Short Blades
  3816 | D:5      | Found Dishrib's Magic Scroll Shoppe.
  3850 | D:5      | Reached skill level 7 in Stealth
  3871 | D:5      | Reached XP level 7. HP: 30/35 MP: 8/8
  4071 | D:5      | Killed a hornet
  4114 | D:5      | Noticed Dowan
  4116 | D:5      | Noticed Duvessa
  4132 | D:5      | Killed Dowan
  4151 | D:5      | HP: 1/36 [Duvessa/+0 short sword (6)]
  4165 | D:5      | Found an opulent altar of Gozag.
  4169 | D:5      | Mangled by Duvessa

Illustrated notes

Levels and vault maps discovered:
D:1:      giann_horns, layout_basic, ebering_ecumenical_altar_ruins
D:2:      layout_loops_ring, pf_guarded_unrand_woodcutter, uniq_sigmund,
          uniq_robin
D:3:      minmay_octagon_keep, layout_rooms, mainiacjoe_overflow_alcove_1,
          serial_shops, nicolae_shop_advertising_works
          [nicolae_subvault_shop_adworks], shop, shop, uniq_ijyb, uniq_jessica
D:4:      layout_loops_cross
D:5:      layout_loops_ring, kennysheep_mini_moat,
          lemuel_coloured_pillars_altar, serial_shops, kennysheep_little_box,
          st_stairs_9, uniq_duvessa

Skill      XL: |  1  2  3  4  5  6  7 |
---------------+----------------------+-----
Short Blades   | 2 3 4 5 6 |  6.6
Stealth        | 5 6 7 |  7.0
Fighting       | 2 3 |  3.2
Throwing       | |  1.7
Dodging        | |  0.7

Action                   |  1- 3 |  4- 6 |  7- 9 || total
-------------------------+-------+-------+-------++-------
Melee: Dagger            |    59 |   129 |    44 ||   232
       Bite              |    18 |    42 |    18 ||    78
       Punch             |     1 |     3 |       ||     4
Throw: Dart              |     4 |    10 |    10 ||    24
Evoke: Lightning rod     |       |       |     3 ||     3
  Use: Scroll            |       |     7 |     2 ||     9
       Potion            |       |     1 |     1 ||     2
 Stab: Sleeping          |     6 |    12 |       ||    18
Armor: Robe              |    10 |    11 |       ||    21
       Leather armour    |       |     7 |     2 ||     9
Dodge: Dodged            |    32 |    46 |    12 ||    90
